Map: Cerulean Fall LE

Players

PiLiPiLi

  • Race: Protoss Protoss
  • League: Grandmaster
  • Spawn Location: 7:00

Truth - Winner!

  • Race: Terran Terran
  • League: Grandmaster
  • Spawn Location: 1:00

VOD

Have the link to the VOD?

Description

Time

  • Played on: Dec. 22, 2018, 12:52 a.m.
  • Length: 8:10
Show
View Real Time Build Order
Export as new Build Order

PiLiPiLi Protoss 

Build Orders: 1 Gate Expand, Chargelot Immortal, Dark Templar Rush 

Get SALT Encoding   

  12  0:00  Probe  
  13  0:13  Probe  
  14  0:18  Pylon  
  14  0:25  Probe  
  15  0:33  Probe  
  15  0:38  Gateway  
  15  0:41  Probe  
  16  0:47  Assimilator  
  17  0:51  Probe  
  18  1:03  Probe  
  19  1:20  Nexus  
  19  1:26  Probe  
  20  1:33  Cybernetics Core  
  20  1:38  Probe  
  21  1:41  Assimilator  
  21  1:48  Pylon  
  21  1:52  Probe  
  22  2:00  Stalker  
  22  2:04  Probe  
  25  2:16  Probe  
  26  2:25  Warp Gate  
  26  2:30  Probe  
  26  2:31  Twilight Council  
  26  2:33  Probe  
  26  2:36  Stalker  
  30  2:41  Pylon  
  30  2:44  Probe  
  30  2:47  Probe  
  32  2:57  Probe  
  33  2:59  Probe  
  34  3:13  Probe  
  34  3:14  Dark Shrine  
  34  3:18  Dark Shrine  
  34  3:19  Gateway, Probe, Stalker  
  36  3:24  Gateway  
  36  3:30  Probe  
  39  3:37  Probe  
  38  3:42  Probe  
  39  3:49  Probe  
  39  3:50  Pylon  
  39  3:54  Probe  
  41  4:02  Probe  
  42  4:12  Probe  
  42  4:13  Robotics Facility  
  42  4:14  Assimilator  
  42  4:16  Assimilator, Probe  
  44  4:18  Pylon  
  44  4:24  Probe  
  44  4:26  Pylon  
  44  4:27  Blink  
  44  4:28  Probe  
  46  4:32  Dark Templar x2  
  46  4:34  Probe  
  46  4:37  Probe  
  51  4:42  Probe  
  52  4:48  Probe  
  52  4:52  Probe  
  53  5:01  Nexus  
  53  5:02  Probe  
  53  5:04  Sentry, Observer  
  57  5:13  Probe  
  58  5:14  Probe  
  58  5:16  Pylon  
  58  5:17  Gateway  
  58  5:19  Gateway  
  59  5:25  Immortal, Probe  
  59  5:26  Probe  
  61  5:28  Sentry  
  67  5:37  Probe  
  67  5:38  Probe  
  69  5:42  Pylon  
  70  5:50  Forge, Probe x2  
  70  5:51  Gateway  
  71  6:00  Immortal  
  71  6:02  Probe  
  76  6:13  Stalker x3  
  76  6:16  Charge  
  76  6:18  Probe, Gateway  
  83  6:21  Probe  
  83  6:22  Probe  
  85  6:31  Zealot x2  
  87  6:41  Dark Templar x3, Immortal  
  95  7:05  Dark Templar, Zealot x2  
  99  7:13  Zealot x2  
  99  7:14  Zealot x2  
  95  7:18  Immortal  
  93  7:24  Pylon  
  93  7:26  Pylon  
  93  7:27  Pylon  
  91  7:30  Pylon  
  85  7:45  Zealot x6  
  85  7:46  Zealot  
Show
View Real Time Build Order
Export as new Build Order

Truth Terran - Winner!

Build Orders: Reaper Expand 

Get SALT Encoding   

  12  0:00  SCV  
  13  0:13  SCV  
  14  0:17  Supply Depot  
  14  0:25  SCV  
  15  0:39  Barracks, SCV  
  16  0:44  Refinery  
  16  0:52  SCV  
  17  1:04  SCV  
  18  1:16  SCV  
  19  1:28  Orbital Command, Reaper  
  20  1:45  Command Center  
  21  1:54  SCV  
  21  2:00  Supply Depot, Reaper  
  22  2:06  SCV  
  23  2:21  SCV  
  24  2:24  Factory  
  24  2:27  Refinery  
  24  2:29  Barracks  
  24  2:33  Barracks Tech Lab  
  24  2:34  SCV  
  25  2:46  SCV  
  25  2:47  Barracks  
  26  2:52  Marine  
  26  2:58  SCV  
  28  3:14  Orbital Command, SCV  
  28  3:18  Barracks Reactor  
  28  3:19  Cyclone, Barracks Tech Lab  
  32  3:26  SCV  
  33  3:36  Marine  
  33  3:37  Marine  
  33  3:39  Stimpack, SCV  
  33  3:40  SCV  
  36  3:47  Supply Depot  
  35  3:52  SCV x2  
  35  3:54  Marine  
  35  3:55  Marine x2  
  41  4:00  Siege Tank  
  41  4:01  Marine  
  44  4:05  SCV  
  44  4:06  SCV  
  46  4:11  Engineering Bay  
  46  4:14  Marine  
  46  4:15  Refinery, Marine  
  46  4:16  Marine  
  49  4:19  SCV  
  49  4:20  SCV  
  51  4:26  Marine  
  52  4:31  Marine, SCV  
  52  4:33  Supply Depot  
  52  4:34  Supply Depot  
  54  4:42  Terran Infantry Weapons Level 1  
  54  4:45  Missile Turret  
  54  4:47  Starport  
  54  4:48  Factory Reactor  
  54  4:55  Marine x2, SCV x2  
  54  4:56  Combat Shield  
  58  5:00  Marine x2  
  60  5:07  SCV x2  
  60  5:12  Supply Depot, Marine x2  
  64  5:17  Marine  
  64  5:19  SCV x2  
  64  5:20  Supply Depot  
  69  5:28  Marauder  
  69  5:31  SCV  
  69  5:34  Medivac x2, Factory Tech Lab  
  74  5:35  Marine  
  74  5:36  Marine  
  74  5:40  Marauder  
  78  5:43  Supply Depot  
  78  5:49  Supply Depot, Marauder  
  80  5:52  Concussive Shells  
  80  5:55  Siege Tank  
  83  5:57  Marine  
  83  5:58  Marine  
  85  6:05  Marauder  
  85  6:10  Medivac, Supply Depot, Refinery  
  89  6:11  Marine  
  89  6:15  Marine  
  91  6:20  Medivac, Marine  
  91  6:23  SCV  
  91  6:24  SCV  
  96  6:26  Marine  
  96  6:29  Marine  
  98  6:34  Marine  
  98  6:36  Siege Tank  
  98  6:38  Marine  
  103  6:44  SCV  
  103  6:45  SCV  
  105  6:47  Marine  
  105  6:48  Marauder  
  105  6:52  Marine  
  108  6:56  Marine  
  109  7:09  Marine  
  110  7:29  Command Center, Supply Depot x2  
  110  7:30  Supply Depot  
  110  7:39  Marine  
  110  7:41  Marine  
  119  7:54  Barracks  
  119  7:55  Barracks, SCV x2  
Tags
 
Add a new tag
Caveats
  • Supply blocks, unpowered buildings, or Contaminate may cause inaccurate times.
  • Supply counts are checked every 10 seconds.